 Dungeon Crawl Stone Soup version 0.22-a0-815-gb582571 (webtiles) character file.

9 iamserjio the Firebug (level 2, 0/15 HPs)
             Began as a Tengu Fire Elementalist on July 23, 2018.
             Slain by an iguana (1 damage)
             ... on level 2 of the Dungeon.
             The game lasted 00:01:33 (242 turns).

iamserjio the Firebug (Tengu Fire Elementalist)      Turns: 242, Time: 00:01:34

Health: 0/15       AC:  2    Str:  8    XL:     2   Next: 12%
Magic:  4/6        EV: 12    Int: 15    God:
Gold:   9          SH:  0    Dex: 14    Spells: 4/5 levels left

rFire    . . .     SeeInvis .   g - +0 mace (pain)
rCold    . . .     Gourm    .   (no shield)
rNeg     . . .     Faith    .   a - +0 robe
rPois    .         Spirit   .   (helmet restricted)
rElec    .         Reflect  .   (no cloak)
rCorr    .         Harm     .   (no gloves)
MR       .....                  (boots unavailable)
Stlth    ++........             (no amulet)
HPRegen  0.05/turn              (no ring)
MPRegen  0.10/turn              (no ring)

@: very slightly contaminated
A: beak, talons 3
a: no special abilities


You were on level 2 of the Dungeon.
You were not hungry.

You visited 1 branch of the dungeon, and saw 2 of its levels.

You collected 9 gold pieces.

Inventory:

Hand Weapons
 e - a +0 dagger
 f - a +0 hunting sling
 g - a +0 mace of pain (weapon)
Missiles
 b - 24 stones (quivered)
Armour
 a - a +0 robe (worn)
Scrolls
 d - 2 scrolls of noise {unknown}
Comestibles
 c - 2 rations


   Skills:
 - Level 2.1 Dodging
 - Level 2.0 Stealth
 - Level 2.0 Spellcasting
 + Level 2.9 Conjurations
 - Level 3.2 Fire Magic


You had 4 spell levels left.
You knew the following spells:

 Your Spells              Type           Power        Failure   Level  Hunger
a - Flame Tongue          Conj/Fire      ##...        6%          1    #......

Your spell library contained the following spells:

 Spells                   Type           Power        Failure   Level  Hunger
 Fireball                 Conj/Fire      ##........   86%         5    ######.
 Conjure Flame            Conj/Fire      ##......     19%         3    ###....
 Throw Flame              Conj/Fire      ##....       10%         2    ###....
 Sticky Flame             Conj/Fire      ##......     52%         4    #####..
 Inner Flame              Hex/Fire       #.......     34%         3    ###....


Dungeon Overview and Level Annotations

Branches:
Dungeon (2/15)

Altars:


Innate Abilities, Weirdness & Mutations

You have a beak for a mouth.
You have claws for feet.


Message History

You hit the iguana but do no damage. The iguana bites you.
Casting: Flame Tongue (safe; 6% risk of failure)
Confirm with . or Enter, or press ? or * to list all spells.
Aiming: Flame Tongue (safe; 6% risk of failure)
Press: ? - help, Shift-Dir - straight line, f - iguana
Aim: an iguana The flame tongue hits the iguana.
The iguana is moderately wounded.
The iguana bites you!
Ouch! That really hurt!
* * * LOW HITPOINT WARNING * * *
Casting: Flame Tongue (safe; 6% risk of failure)
Confirm with . or Enter, or press ? or * to list all spells.
Aiming: Flame Tongue (safe; 6% risk of failure)
Press: ? - help, Shift-Dir - straight line, f/p - iguana
Aim: an iguana (moderately wounded)
You miscast Flame Tongue.
You are very lightly contaminated with residual magic.
Nothing appears to happen.
The iguana bites you.
You die...

####
..#
#l#
#@#
#.#
...
##.##
..#
###


You could see an iguana.

Vanquished Creatures
  A leopard gecko (D:1)
  A ball python (D:1)
  2 goblins (D:1)
  3 bats (D:1)
7 creatures vanquished.

Notes
Turn   | Place    | Note
-------+----------+-------------------------------------------
     0 | D:1      | iamserjio the Tengu Fire Elementalist began the quest for the Orb.
     0 | D:1      | Reached XP level 1. HP: 10/10 MP: 4/4
   166 | D:1      | Reached XP level 2. HP: 15/15 MP: 3/6
   242 | D:2      | Slain by an iguana

Vault maps used:
D:1:      saegor_arrival_simple_c

Skill      XL: |  1 |
---------------+----+-----
Conjurations   | 2 |  2.9
Dodging        | |  2.1
Stealth        | |  2.0
Spellcasting   | |  2.0
Fire Magic     | |  3.2

Action                   || total
-------------------------++-------
Melee: Unarmed           ||     3
       Kick              ||     1
       Mace              ||     1
 Cast: Flame Tongue      ||    11
 Stab: Sleeping          ||     1
Armor: Robe              ||     2
Dodge: Dodged            ||     4

Table legend:
 A = Spawn XP
 B = Non-spawn XP
 C = Spawn XP percentage of total XP
 D = Spawn monster count
 E = Non-spawn monster count
 F = Spawn count percentage of total count
 G = Total turns spent on level
                    A         B        C        D         E        F      G
               +---------+---------+-------+---------+---------+-------+---------
         Total |       0 |      13 |   0.0 |       0 |       7 |   0.0 |   242
               +---------+---------+-------+---------+---------+-------+---------
           D:1 |       0 |      13 |   0.0 |       0 |       7 |   0.0 |   239
               +---------+---------+-------+---------+---------+-------+---------
